 Dungeon Crawl Stone Soup version 0.29.1-1-gd02db6906a (webtiles) character file.

Game seed: 11452319796724774943

92 drewk1942 the Digger (level 4, -1/33 HPs)
             Began as a Draconian Earth Elementalist on Oct 6, 2022.
             Succumbed to an orc's poison
             ... on level 3 of the Dungeon.
             The game lasted 00:04:29 (1874 turns).

drewk1942 the Digger (Draconian Earth Elementalist) Turns: 1874, Time: 00:04:29

Health: -1/33      AC:  5    Str: 11    XL:     4   Next: 35%
Magic:  8/8        EV: 12    Int: 17    God:
Gold:   95         SH:  0    Dex: 11    Spells: 4/8 levels left

rFire   . . .      SeeInvis .   c - +0 mace (vorpal)
rCold   . . .      Faith    .   (no shield)
rNeg    . . .      Spirit   .   (body armour unavailable)
rPois   .          Reflect  .   (helmet restricted)
rElec   .          Harm     .   i - scarf {repulsion}
rCorr   .          Rampage  .   (no gloves)
Will    +....                   (no boots)
Stlth   ++........              k - amulet of magic regeneration
HPRegen 0.11/turn               f - ring of willpower
MPRegen 0.51/turn               (no ring)

@: lethally poisoned (-1 -> -20), attractive, invisible, repel missiles
A: AC +5, unfitting armour, cold-blooded
a: no special abilities


You were on level 3 of the Dungeon.
You visited 1 branch of the dungeon, and saw 3 of its levels.

You collected 95 gold pieces.

Inventory:

Hand Weapons
 c - a +0 vorpal mace (weapon)
 d - a +1 dagger of draining
Armour
 i - a scarf of repulsion (worn)
Jewellery
 f - a ring of willpower (left hand)
 k - an amulet of magic regeneration (around neck)
Wands
 v - a wand of polymorph (3)
Scrolls
 e - a scroll of poison {unknown}
 h - 2 scrolls of magic mapping {unknown}
 j - 2 scrolls of teleportation {unknown}
 m - a scroll of summoning {unknown}
 n - a scroll of amnesia {unknown}
 o - a scroll of identify {unknown}
 q - 2 scrolls of brand weapon {unknown}
 s - a scroll of enchant weapon {unknown}
 u - a scroll of vulnerability {unknown}
Potions
 a - a potion of magic
 b - 2 potions of invisibility
 g - 3 potions of attraction
 l - a potion of might {unknown}
 p - a potion of flight {unknown}
 r - a potion of curing {unknown}
 t - a potion of lignification {unknown}


   Skills:
 - Level 1.9 Dodging
 - Level 1.9 Stealth
 + Level 2.7 Spellcasting
 * Level 1.2 Conjurations
 - Level 1.2 Transmutations
 * Level 4.2 Earth Magic


You had 4 spell levels left.
You knew the following spells:

 Your Spells              Type           Power      Damage    Failure   Level
a - Sandblast             Erth           32%        2d9       3%          1
b - Stone Arrow           Conj/Erth      22%        3d8       17%         3

Your spell library contained the following spells:

 Spells                   Type           Power      Damage    Failure   Level
 Passwall                 Tmut/Erth      9%         N/A       9%          2
 Beastly Appendage        Tmut           12%        N/A       11%         1
 Magic Dart               Conj           24%        1d4       11%         1
 Wereblood                Tmut           6%         N/A       17%         2
 Call Imp                 Summ           2%         N/A       26%         2
 Spider Form              Tmut/Pois      4%         N/A       38%         3
 Mephitic Cloud           Conj/Pois/Air  3%         N/A       41%         3
 Petrify                  Tmut/Erth      11%        N/A       52%         4


Dungeon Overview and Level Annotations

Branches:
Dungeon (3/15)

Altars:


Innate Abilities, Weirdness & Mutations

Your plain brown scales are hard. (AC +5)
You cannot fit into any form of body armour.
You are cold-blooded and may be slowed by cold attacks.


Message History

The orc is severely wounded.
The orc shouts!
The blast of sand hits the orc but does no damage.
The orc is severely wounded.
The orc hits you with a +0 club.
The blast of sand hits the orc but does no damage.
The orc is severely wounded.
The blast of sand hits the orc!
You kill the orc!
The orc hits you but does no damage.
You are poisoned.
The blast of sand hits the orc priest!
The orc priest is almost dead.
You feel very sick. The orc closely misses you.
The orc priest hits you with a +0 short sword.
The orc barely misses you.
The orc priest hits you with a +0 short sword.
The orc attacks as you move away!
The orc hits you with a +0 dagger of venom.
You are lethally poisoned!
The orc priest attacks as you move away!
The orc priest barely misses you.
* * * LOW HITPOINT WARNING * * *
You feel very sick.
An orc comes into view. It is wielding a +0 hand axe.
It was a potion of invisibility.
You fade into invisibility!
* * * LOW HITPOINT WARNING * * *
You feel very sick. The orc closely misses you.
The orc priest closely misses you.
It was a potion of attraction.
You feel attractive to monsters.
* * * LOW HITPOINT WARNING * * *
You feel very sick. The orc hits you but does no damage.
You are more poisoned.
The orc priest begins to cast a cantrip, but forgets the words!
The orc is attracted toward you.
You die...

......^.....#.......>.
..........†....###....
............#..# ##
......#....#.####
..##..#.......... .
##..#.......##
#####........
########..##....
#...o.@.........
#.§..o)o...........
..########.######..
..# # ..## ###


You could see an orc priest (unable to see you) and 2 orcs.

Vanquished Creatures
  Ijyb (D:3)
  An adder (D:2)
  2 worms
  A dart slug (D:1)
  2 orcs (D:3)
  5 bats
  4 endoplasms
  A giant cockroach (D:3)
  8 goblins
  4 hobgoblins
  3 kobolds
  4 quokkas
  4 ball pythons
  2 frilled lizards (D:1)
  4 rats
46 creatures vanquished.

Notes
Turn   | Place    | Note
-------+----------+-------------------------------------------
     0 | D:1      | drewk1942 the Draconian Earth Elementalist began the quest
                  | for the Orb.
     0 | D:1      | Reached XP level 1. HP: 14/14 MP: 3/3
   477 | D:1      | Reached XP level 2. HP: 13/20 MP: 0/5
   703 | D:1      | Found a faded altar of an unknown god.
  1100 | D:2      | Reached XP level 3. HP: 26/26 MP: 6/6
  1667 | D:3      | Learned a level 3 spell: Stone Arrow
  1674 | D:3      | Reached skill level 4 in Earth Magic
  1716 | D:3      | Noticed Ijyb
  1745 | D:3      | Killed Ijyb
  1746 | D:3      | Reached skill level 1 in Conjurations
  1746 | D:3      | Reached XP level 4. HP: 27/33 MP: 4/8
  1874 | D:3      | Succumbed to an orc's poison

Illustrated notes

Levels and vault maps discovered:
D:1:      onia_arrival_pyramid, layout_basic, basic_ecumenical_altar
D:2:      layout_loops_ring, grunt_ministairs_14
D:3:      kennysheep_the_goblin_king, layout_rooms

Skill      XL: |  1  2  3 |
---------------+----------+-----
Earth Magic    | 4 |  4.2
Conjurations   | 1 |  1.2
Dodging        | |  1.9
Stealth        | |  1.9
Spellcasting   | |  2.7
Transmutations | |  1.2

Action                   |  1- 3 |  4- 6 || total
-------------------------+-------+-------++-------
Melee: Mace              |     9 |       ||     9
 Cast: Sandblast         |    59 |    12 ||    71
  Use: Potion            |       |     2 ||     2
 Stab: Sleeping          |     2 |       ||     2
Armor: Skin              |     8 |     2 ||    10
Dodge: Dodged            |    24 |     5 ||    29
